 Dungeon Crawl Stone Soup version 0.23-a0-512-g50a8178 (webtiles) character file.

197 galech the Skirmisher (level 5, -8/42 HPs)
             Began as a Demonspawn Fighter on Dec 4, 2018.
             Killed by divine providence
             ... invoked by an orc priest
              (15 damage)
             ... on level 4 of the Dungeon.
             The game lasted 00:04:06 (2581 turns).

galech the Skirmisher (Demonspawn Fighter)          Turns: 2581, Time: 00:04:08

Health: -8/42      AC:  6    Str: 17    XL:     5   Next: 46%
Magic:  0/5        EV:  7    Int: 14    God:
Gold:   169        SH:  9    Dex: 13    Spells: 4/4 levels left

rFire    . . .     SeeInvis .   a - +0 war axe
rCold    . . .     Gourm    .   c - +0 shield
rNeg     . . .     Faith    +   b - +0 scale mail
rPois    .         Spirit   +   (helmet restricted)
rElec    .         Reflect  .   (no cloak)
rCorr    .         Harm     .   (no gloves)
MR       .....                  (no boots)
Stlth    ..........             k - amulet of faith
HPRegen  0.14/turn              (no ring)
MPRegen  0.09/turn              (no ring)

@: brilliant, flying
A: antennae 1, magic shield
a: no special abilities


You were on level 4 of the Dungeon.
You were not hungry.

You visited 1 branch of the dungeon, and saw 4 of its levels.

You collected 169 gold pieces.

Inventory:

Hand Weapons
 a - a +0 war axe (weapon)
Armour
 b - a +0 scale mail (worn)
 c - a +0 shield (worn)
Jewellery
 k - an amulet of faith (around neck)
Scrolls
 g - 3 scrolls of identify {unknown}
 l - a scroll of noise {unknown}
 m - 2 scrolls of enchant weapon {unknown}
 n - a scroll of magic mapping {unknown}
 q - a scroll of teleportation {unknown}
Potions
 e - a potion of invisibility {unknown}
 i - 2 potions of curing {unknown}
 j - a potion of brilliance
 o - 2 potions of flight
 p - a potion of cancellation {unknown}
Comestibles
 d - 6 chunks of flesh
 f - 7 rations


   Skills:
 + Level 3.8 Fighting
 + Level 3.4 Axes
 + Level 3.3 Armour
 + Level 0.8 Dodging
 + Level 0.3 Stealth
 + Level 3.4 Shields


You had 4 spell levels left.
You didn't know any spells.
Your spell library was empty.

Dungeon Overview and Level Annotations

Branches:
Dungeon (4/15)
 Temple: D:4-7

Altars:
Ashenzari
Hepliaklqana
Trog
Yredelemnul


Innate Abilities, Weirdness & Mutations

You have a pair of small antennae on your head.
When hurt, damage is shared between your health and your magic reserves.


Message History

Unknown command.
You are too injured to fight recklessly!
Unknown command.
You are too injured to fight recklessly!
Unknown command.
You are too injured to fight recklessly!
Unknown command.
It was a potion of flight.
You feel very buoyant.
You fly up into the air.
The hound bites you.
* * * LOW HITPOINT WARNING * * *
The adder barely misses you. You block the orc priest's attack.
The hound barely misses you. You block the orc wizard's attack.
It was a potion of brilliance.
You feel clever all of a sudden. The adder bites you but does no damage.
The hound bites you.
* * * LOW HITPOINT WARNING * * *
The orc priest calls down the wrath of Beogh upon you.
Beogh smites you!
You die...

.......
.......
......# .....#
.....# #
##.....#
.##..##)S....#
.<....o@o....#
....#.##h....#
. .. .....#
#.# .##### #
.. ##


You could see a hound, an orc priest, an orc wizard and an adder.

Vanquished Creatures
  An orc priest (D:3)
  2 orc wizards
  A gnoll (D:1)
  2 adders
  2 worms (D:3)
  4 dart slugs
  A leopard gecko (D:2)
  9 orcs (D:3)
  A ball python (D:3)
  4 giant cockroaches
  7 goblins
  6 hobgoblins
  A quokka (D:2)
  6 bats
  3 frilled lizards
  6 kobolds
  9 rats
65 creatures vanquished.

Notes
Turn   | Place    | Note
-------+----------+-------------------------------------------
     0 | D:1      | galech the Demonspawn Fighter began the quest for the Orb.
     0 | D:1      | Reached XP level 1. HP: 18/18 MP: 1/1
   327 | D:1      | Gained mutation: You have a pair of small antennae on your
                  | head. [demonic ancestry]
   327 | D:1      | Reached XP level 2. HP: 24/24 MP: 2/2
   503 | D:1      | Reached XP level 3. HP: 29/29 MP: 3/3
  1661 | D:3      | Gained mutation: When hurt, damage is shared between your
                  | health and your magic reserves. [demonic ancestry]
  1661 | D:3      | Reached XP level 4. HP: 27/37 MP: 4/4
  2119 | D:3      | Found a shattered altar of Ashenzari.
  2119 | D:3      | Found a bloodstained altar of Trog.
  2133 | D:3      | Found a basalt altar of Yredelemnul.
  2133 | D:3      | Found a hazy altar of Hepliaklqana.
  2483 | D:3      | Reached XP level 5. HP: 42/42 MP: 3/5
  2581 | D:4      | Killed from afar by an orc priest

Vault maps used:
D:1:      dpeg_arrival_boxes_within_box
D:2:      first_ration
D:3:      grunt_temple_overflow_open, uniq_jessica
D:4:      minmay_temple_entry_large_hall, gammafunk_ghost_cemetery, uniq_edmund

Skill      XL: |  1  2  3  4 |
---------------+-------------+-----
Shields        | 3 |  3.4
Axes           | 2 3 |  3.4
Armour         | 3 |  3.3
Fighting       | |  3.8
Dodging        | |  0.8
Stealth        | |  0.3

Action                   |  1- 3 |  4- 6 || total
-------------------------+-------+-------++-------
Melee: War axe           |   100 |    94 ||   194
  Use: Potion            |       |     3 ||     3
  Eat: Chunk             |     2 |     4 ||     6
Armor: Scale mail        |    39 |    56 ||    95
Dodge: Dodged            |    20 |    25 ||    45
Block: Shield            |    42 |    55 ||    97

Table legend:
 A = Non-vault XP
 B = Vault XP
 C = Vault XP percentage of total XP
 D = Non-vault monster count
 E = Vault monster count
 F = Vault count percentage of total count
                 A         B        C        D         E       F
            +---------+---------+-------+---------+---------+-------
      Total |     282 |       0 |   0.0 |      65 |       0 |   0.0
            +---------+---------+-------+---------+---------+-------
        D:1 |      44 |       0 |   0.0 |      19 |       0 |   0.0
        D:2 |      48 |       0 |   0.0 |      19 |       0 |   0.0
        D:3 |     148 |       0 |   0.0 |      26 |       0 |   0.0
        D:4 |      42 |       0 |   0.0 |       1 |       0 |   0.0
            +---------+---------+-------+---------+---------+-------
